 Dungeon Crawl Stone Soup version 0.20.1-1-g8b1a95d (webtiles) character file.

13 vatarom the Gusty (level 2, 20/20 HPs)
             Began as a Draconian Air Elementalist on Sept 10, 2017.
             Quit the game on level 1 of the Dungeon.
             The game lasted 00:02:12 (488 turns).

vatarom the Gusty (Draconian Air Elementalist)       Turns: 488, Time: 00:02:13

Health: 20/20      AC:  5    Str: 15    XL:     2   Next: 24%
Magic:  4/4        EV: 12    Int: 15    God:
Gold:   14         SH:  0    Dex: 11    Spells: 2/5 levels left

rFire    . . .     SeeInvis .   d - +0 whip
rCold    . . .     Gourm    .   (no shield)
rNeg     . . .     Faith    .   (armour unavailable)
rPois    .         Spirit   .   (helmet restricted)
rElec    .         Reflect  .   (no cloak)
rCorr    .         Harm     .   (no gloves)
MR       .....                  (no boots)
Stlth    ++........             (no amulet)
Regen    0.1/turn               (no ring)
MPRegen  0.1/turn               (no ring)

@: mighty, flying
A: unfitting armour, antennae 1, stinger 1, low mp 1, shaggy fur 1,
cold-blooded, AC +4
a: no special abilities


You were on level 1 of the Dungeon.
You were not hungry.

You visited 1 branch of the dungeon, and saw 1 of its levels.

You collected 14 gold pieces.

Inventory:

Hand Weapons
 d - a +0 whip (weapon)
Potions
 e - a potion of curing
Books
 a - a book of Air

   Spells                             Type                      Level
   a - Shock                          Conjuration/Air              1
   b - Swiftness                      Charms/Air                   2
   c - Static Discharge               Conjuration/Air              3
   d - Airstrike                      Air                          4
   e - Lightning Bolt                 Conjuration/Air              5
Comestibles
 b - a bread ration
 c - 3 chunks of flesh


   Skills:
 + Level 1.8 Dodging
 + Level 1.9 Stealth
 + Level 2.2 Spellcasting
 + Level 1.1 Conjurations
 + Level 3.3 Air Magic


You had 2 spell levels left.
You knew the following spells:

 Your Spells              Type           Power        Failure   Level  Hunger
a - Shock                 Conj/Air       #...         9%          1    #......
b - Swiftness             Chrm/Air       #.......     17%         2    ###....


Dungeon Overview and Level Annotations

Branches:
Dungeon (1/15)

Altars:


Innate Abilities, Weirdness & Mutations

Your plain brown scales are hard. (AC +4)
You cannot fit into any form of body armour.
You are cold-blooded and may be slowed by cold attacks.
You have a pair of small antennae on your head.
Your tail ends in a poisonous barb.
Your magical capacity is low. (-10% MP)
You are covered in fur. (AC +1)


Message History

You see here a leopard gecko corpse.
You butcher the leopard gecko corpse.
c - 4 chunks of flesh (gained 1)
You see here a leopard gecko skeleton.
You start resting.
Some of the chunks of flesh in your inventory have rotted away.
Magic restored.
Found a stone staircase leading down.
h - a bubbling brown potion Key pressed, stopping explore.
It was a potion of might.
You feel very mighty all of a sudden.
You feel very buoyant.
You fly up into the air.
It was a potion of mutation.
You feel extremely strange. Fur sprouts all over your body.
You feel less energetic.
A poisonous barb forms on the end of your tail.
A pair of antennae grows on your head!
Found an escape hatch in the floor.
Are you sure you want to abandon this character and quit the game? (Confirm with "yes".)

#.รท# ##.# .......>.
#.## .........
#..##.# .........
##.##.# #........
#.##.# #........
#..#.# #........
##.#.# #........
#.#.########@.......
##.#.#...............
#.............#####..
####....#.......##
...#.#..#########
##.#....##....#
##.#....##.##.#
##.#....##.##.#
##.#..#>...##.#


There were no monsters in sight!

Vanquished Creatures
  A dart slug (D:1)
  A leopard gecko (D:1)
  3 bats (D:1)
  A giant cockroach (D:1)
  A hobgoblin (D:1)
  A frilled lizard (D:1)
  A rat (D:1)
  2 toadstools (D:1)
11 creatures vanquished.

Vanquished Creatures (others)
  2 toadstools (D:1)
2 creatures vanquished.

Grand Total: 13 creatures vanquished

Notes
Turn   | Place    | Note
-------+----------+-------------------------------------------
     0 | D:1      | vatarom the Draconian Air Elementalist began the quest for the Orb.
     0 | D:1      | Reached XP level 1. HP: 14/14 MP: 3/3
   258 | D:1      | Reached XP level 2. HP: 17/20 MP: 5/5
   262 | D:1      | Learned a level 2 spell: Swiftness
   486 | D:1      | Gained mutation: You are covered in fur. (AC +1) [potion of mutation]
   486 | D:1      | Gained mutation: Your magical capacity is low. (-10% MP) [potion of mutation]
   486 | D:1      | Gained mutation: Your tail ends in a poisonous barb. [potion of mutation]
   486 | D:1      | Gained mutation: You have a pair of small antennae on your head. [potion of mutation]
   488 | D:1      | Quit the game

Action                   || total
-------------------------++-------
Melee: Whip              ||    13
       Unarmed           ||     6
 Cast: Shock             ||    10
  Use: Potion            ||     4
       Scroll            ||     2
Armor: Skin              ||     5
Dodge: Dodged            ||    12
